VEGAS vs COLORADO

Created - January 7, 2021 at 19:37

Goals
1 2 3 T
VEGAS 2 0 0 2
COLORADO 4 0 1 5
Shots
1 2 3 T
VEGAS 13 7 12 32
COLORADO 10 8 14 32

1st period

1. COLORADO , Ron Hainsey 1 (David Pastrnak 2, Dan Girardi 2) at 0:38
2. VEGAS , Sam Reinhart 1 (Jack Johnson 1, Brock Nelson 2) at 4:40
3. VEGAS , Brock Nelson 4 (Sam Reinhart 3, Brent Seabrook 2) at 5:44
4. COLORADO , Pavel Buchnevich 2 (David Pastrnak 3, Dylan Larkin 4) at 9:34
5. COLORADO , William Karlsson 3 (Mikko Koivu 1) at 11:02
6. COLORADO , Jonas Brodin 1 (William Karlsson 2, Mikko Koivu 2) at 13:56 (PP)

Penalties :
Max Comtois (VGK) for Hooking (Minor) at 12:40, David Pastrnak (COL) for Hooking (Minor) at 15:22, John Moore (COL) for Holding (Minor) at 19:27

2nd period

No Goal

Penalties :
Brandon Carlo (COL) for Delaying the game (Minor) at 7:31, Devon Toews (VGK) for Tripping (Minor) at 10:34, Jayce Hawryluk (VGK) for High sticking (Minor) at 18:40

3rd period

7. COLORADO , Mikko Koivu 2 (William Karlsson 3) at 5:20

Penalties :
Nikita Zadorov (VGK) for Interference (Minor) at 7:21

Goalie Stats

Braden Holtby (VGK), 27 saves from 32 shots - (0.844), L, 2-2-0, 60:00 minutes
Carey Price (COL), 30 saves from 32 shots - (0.938), W, 3-0-0, 60:00 minutes

Players Stats for VEGAS

Player Name              G  A  P  +/- PIM S  H  SB GA TA FO     MP     PP MP  PK MP  
------------------------------------------------------------------------------------
Alexander Kerfoot        0  0  0  -1  0   2  0  0  0  0  11/17  13:57   0:00   0:35 
Brent Seabrook           0  1  1   0  0   0  2  2  0  0  0/0    23:34   3:30   3:53 
Brock Nelson             1  1  2   1  0   4  3  0  0  0  12/26  21:09   3:30   4:26 
Daniel Sprong            0  0  0  -2  0   1  0  0  0  0  0/0     6:34   0:00   0:00 
Devon Toews              0  0  0  -2  2   0  0  0  0  0  0/0    16:19   0:00   0:00 
Jack Johnson             0  1  1   0  0   2  0  1  0  0  0/0    23:28   3:30   3:47 
Jayce Hawryluk           0  0  0  -2  2   0  0  0  0  0  0/0     6:33   0:00   0:00 
Josh Anderson            0  0  0   0  0   2  2  0  0  0  1/1    16:43   2:27   0:35 
Kyle Turris              0  0  0   0  0   2  0  0  0  0  13/20  18:20   2:27   2:12 
Matt Luff                0  0  0   0  0   0  0  0  0  0  0/0     0:00   0:00   0:00 
Max Comtois              0  0  0  -1  2   1  1  0  0  0  1/1    13:21   0:00   0:00 
Michael Grabner          0  0  0   0  0   3  0  0  0  0  1/3    16:08   2:27   0:00 
Mikhail Grigorenko       0  0  0   0  0   0  0  0  0  0  0/0     0:00   0:00   0:00 
Nick Holden              0  0  0   0  0   1  0  3  0  0  0/0    20:12   2:27   3:26 
Nikita Zadorov           0  0  0   0  2   4  2  1  0  0  0/0    19:13   2:27   2:28 
Oliver Bjorkstrand       0  0  0   1  0   1  1  0  0  0  1/5    18:55   3:30   2:12 
Sam Reinhart             1  1  2   1  0   5  1  0  0  0  0/0    21:09   3:30   4:26 
Slater Koekkoek          0  0  0  -2  0   1  2  0  0  0  0/0    17:12   0:00   0:52 
Troy Terry               0  0  0  -1  0   0  0  0  0  0  1/1    13:22   0:00   0:00 
Victor Rask              0  0  0  -2  0   3  0  0  0  0  7/10    6:34   0:00   0:00 

Players Stats for COLORADO

Player Name              G  A  P  +/- PIM S  H  SB GA TA FO     MP     PP MP  PK MP  
------------------------------------------------------------------------------------
Artturi Lehkonen         0  0  0   0  0   2  2  0  0  0  1/1    17:58   2:40   0:00 
Brandon Carlo            0  0  0   0  2   2  2  1  0  0  0/0    18:10   3:08   1:56 
Calvin de Haan           0  0  0   0  0   0  3  3  0  0  0/0    14:43   0:00   1:15 
Dan Girardi              0  1  1   1  0   1  1  0  0  0  0/0    21:19   4:05   2:46 
David Krejci             0  0  0   0  0   4  0  0  0  0  8/20   16:46   0:00   2:03 
David Pastrnak           0  2  2   2  2   0  0  0  0  0  2/6    23:57   4:33   2:36 
Dmitri Samorukov         0  0  0   0  0   0  0  0  0  0  0/0     0:00   0:00   0:00 
Dylan Larkin             0  1  1   2  0   2  2  1  0  0  9/21   22:09   4:33   3:35 
Gustav Lindstrom         0  0  0   1  0   1  1  0  0  0  0/0     5:47   0:00   0:00 
John Moore               0  0  0   0  2   1  0  0  0  0  0/0    13:27   0:00   0:00 
Jonas Brodin             1  0  1   0  0   3  1  1  0  0  0/0    19:20   3:08   3:05 
Leo Komarov              0  0  0   0  0   1  0  0  0  0  1/1    14:43   0:00   0:00 
Mattias Janmark          0  0  0   0  0   0  0  0  0  0  0/0     1:00   0:00   1:00 
Mikko Koivu              1  2  3   0  0   2  1  0  0  0  3/6    21:01   2:40   0:15 
Nick Bjugstad            0  0  0   0  0   2  2  0  0  0  1/2    15:46   0:00   1:03 
Pavel Buchnevich         1  0  1   2  0   5  1  0  0  0  1/2    18:34   4:33   0:00 
Ron Hainsey              1  0  1   1  0   2  0  1  0  0  0/0    21:25   4:05   2:52 
Urho Vaakanainen         0  0  0   1  0   0  0  0  0  0  0/0     5:47   0:00   0:00 
Warren Foegele           0  0  0   0  0   0  0  0  0  0  0/0     2:48   0:00   0:00 
William Karlsson         1  2  3   0  0   4  0  0  0  0  10/25  19:20   2:40   1:22 

3 Stars

1 - Mikko Koivu (COL)
2 - William Karlsson (COL)
3 - Pavel Buchnevich (COL)

Power Play

VEGAS - 0 on 3 Attempt(s) - 0.00%
COLORADO - 1 on 4 Attempt(s) - 25.00%

Penalty Kill

VEGAS - 3 on 4 Attempt(s) - 75.00% - Score 0 goal in Penalty Kill
COLORADO - 3 on 3 Attempt(s) - 100.00% - Score 0 goal in Penalty Kill

Team Stat

VEGAS - Hits : 14 - Faceoff Wins : 48 - Blocked Shots : 7 - Penalty Minutes : 8
COLORADO - Hits : 16 - Faceoff Wins : 36 - Blocked Shots : 7 - Penalty Minutes : 6

Official

Referees : Tom Chmielewski and Garrett Rank
Linesman : Brian Mach and Shaun Morgan

Game Notes

No Game Note

Finance

Level 1 -- Attendance: 5721 (95.35%) -- Ticket Income $526,332
Level 2 -- Attendance: 3810 (76.20%) -- Ticket Income $236,220
Level 3 -- Attendance: 1952 (97.60%) -- Ticket Income $66,368
Level 4 -- Attendance: 3188 (79.70%) -- Ticket Income $70,136
Luxury Box -- Attendance: 1000 (100.00%) -- Ticket Income $180,000
Game was played at the Pepsi Center.
Total Attendance: 15671 (87.06%)
Total Ticket Income: $1,079,056
Total Income: $1,079,056

VEGAS

5 vs 5 Forward 
   Center                   Left Wing                Right Wing               Time % Phy DF OF 
 1 Brock Nelson             Oliver Bjorkstrand       Sam Reinhart             35     1   2  2  
 2 Kyle Turris              Josh Anderson            Michael Grabner          30     1   2  2  
 3 Alexander Kerfoot        Max Comtois              Troy Terry               25     1   2  2  
 4 Victor Rask              Daniel Sprong            Jayce Hawryluk           10     1   2  2  

5 vs 5 Defense 
   Defense                  Defense                                           Time % Phy DF OF 
 1 Brent Seabrook           Jack Johnson                                      35     1   2  2  
 2 Nick Holden              Nikita Zadorov                                    30     1   2  2  
 3 Devon Toews              Slater Koekkoek                                   25     1   2  2  
 4 Brent Seabrook           Jack Johnson                                      10     1   2  2  

PowerPlay Forward 
   Center                   Left Wing                Right Wing               Time % Phy DF OF 
 1 Brock Nelson             Oliver Bjorkstrand       Sam Reinhart             60     1   2  2  
 2 Kyle Turris              Josh Anderson            Michael Grabner          40     1   2  2  

PowerPlay Defense
   Defense                  Defense                                           Time % Phy DF OF 
 1 Brent Seabrook           Jack Johnson                                      60     1   2  2  
 2 Nick Holden              Nikita Zadorov                                    40     1   2  2  

Penalty Kill 4 Players Forward 
   Center                   Wing                     Time % Phy DF OF 
 1 Brock Nelson             Sam Reinhart             60     1   2  2  
 2 Oliver Bjorkstrand       Kyle Turris              40     1   2  2  

Penalty Kill 4 Players Defense
   Defense                  Defense                  Time % Phy DF OF 
 1 Brent Seabrook           Jack Johnson             60     1   2  2  
 2 Nick Holden              Nikita Zadorov           40     1   2  2  

Penalty Kill - 3 Players Forward 
   Forward                                           Time % Phy DF OF 
 1 Brock Nelson                                      60     1   2  2  
 2 Sam Reinhart                                      40     1   2  2  

Penalty Kill - 3 Players Defense
   Defense                  Defense                  Time % Phy DF OF 
 1 Brent Seabrook           Jack Johnson             60     1   2  2  
 2 Nick Holden              Nikita Zadorov           40     1   2  2  

4 vs 4 Forward 
   Center                   Wing                     Time % Phy DF OF 
 1 Brock Nelson             Sam Reinhart             60     1   2  2  
 2 Oliver Bjorkstrand       Kyle Turris              40     1   2  2  

4 vs 4 Defense
   Defense                  Defense                  Time % Phy DF OF 
 1 Brent Seabrook           Jack Johnson             60     1   2  2  
 2 Nick Holden              Nikita Zadorov           40     1   2  2  

Last Minutes Offensive
   Center                   Left Wing                Right Wing               Defense                  Defense                  
   Brock Nelson             Oliver Bjorkstrand       Sam Reinhart             Brent Seabrook           Jack Johnson             

Last Minutes Defensive
   Center                   Left Wing                Right Wing               Defense                  Defense                  
   Brock Nelson             Oliver Bjorkstrand       Sam Reinhart             Brent Seabrook           Jack Johnson             

Goaltenders
Starting : Braden Holtby            
Backup : Tristan Jarry            

Extra Forwards
Normal : Matt Luff, Mikhail Grigorenko, Alexander Kerfoot - PP : Matt Luff, Mikhail Grigorenko - PK : Alexander Kerfoot
Extra Defensemen
Normal : Devon Toews, Slater Koekkoek, Nick Holden - PP : Devon Toews - PK : Slater Koekkoek, Nick Holden
Penalty Shots
Brock Nelson, Sam Reinhart, Oliver Bjorkstrand, Kyle Turris, Josh Anderson

Scratches
VGK Cap Hit (Suspend)

COLORADO

5 vs 5 Forward 
   Center                   Left Wing                Right Wing               Time % Phy DF OF 
 1 Dylan Larkin             David Pastrnak           Pavel Buchnevich         35     1   2  2  
 2 William Karlsson         Artturi Lehkonen         Mikko Koivu              30     1   2  2  
 3 David Krejci             Leo Komarov              Nick Bjugstad            25     1   2  2  
 4 Mikko Koivu              Warren Foegele           David Pastrnak           10     1   2  2  

5 vs 5 Defense 
   Defense                  Defense                                           Time % Phy DF OF 
 1 Dan Girardi              Ron Hainsey                                       35     1   2  2  
 2 Jonas Brodin             Brandon Carlo                                     30     1   2  2  
 3 Calvin de Haan           John Moore                                        25     1   2  2  
 4 Urho Vaakanainen         Gustav Lindstrom                                  10     1   2  2  

PowerPlay Forward 
   Center                   Left Wing                Right Wing               Time % Phy DF OF 
 1 Dylan Larkin             David Pastrnak           Pavel Buchnevich         60     1   2  2  
 2 William Karlsson         Artturi Lehkonen         Mikko Koivu              40     1   2  2  

PowerPlay Defense
   Defense                  Defense                                           Time % Phy DF OF 
 1 Dan Girardi              Ron Hainsey                                       60     1   2  2  
 2 Jonas Brodin             Brandon Carlo                                     40     1   2  2  

Penalty Kill 4 Players Forward 
   Center                   Wing                     Time % Phy DF OF 
 1 David Pastrnak           Dylan Larkin             60     1   2  2  
 2 William Karlsson         David Krejci             40     1   2  2  

Penalty Kill 4 Players Defense
   Defense                  Defense                  Time % Phy DF OF 
 1 Dan Girardi              Ron Hainsey              60     1   2  2  
 2 Jonas Brodin             Brandon Carlo            40     1   2  2  

Penalty Kill - 3 Players Forward 
   Forward                                           Time % Phy DF OF 
 1 David Pastrnak                                    60     1   2  2  
 2 Dylan Larkin                                      40     1   2  2  

Penalty Kill - 3 Players Defense
   Defense                  Defense                  Time % Phy DF OF 
 1 Dan Girardi              Ron Hainsey              60     1   2  2  
 2 Jonas Brodin             Brandon Carlo            40     1   2  2  

4 vs 4 Forward 
   Center                   Wing                     Time % Phy DF OF 
 1 David Pastrnak           Dylan Larkin             60     1   2  2  
 2 William Karlsson         David Krejci             40     1   2  2  

4 vs 4 Defense
   Defense                  Defense                  Time % Phy DF OF 
 1 Dan Girardi              Ron Hainsey              60     1   2  2  
 2 Jonas Brodin             Brandon Carlo            40     1   2  2  

Last Minutes Offensive
   Center                   Left Wing                Right Wing               Defense                  Defense                  
   Dylan Larkin             David Pastrnak           Pavel Buchnevich         Dan Girardi              Ron Hainsey              

Last Minutes Defensive
   Center                   Left Wing                Right Wing               Defense                  Defense                  
   Dylan Larkin             David Pastrnak           Pavel Buchnevich         Dan Girardi              Ron Hainsey              

Goaltenders
Starting : Carey Price              
Backup : Linus Ullmark            

Extra Forwards
Normal : Mattias Janmark, Leo Komarov, Nick Bjugstad - PP : Mattias Janmark, Leo Komarov - PK : Nick Bjugstad
Extra Defensemen
Normal : Dmitri Samorukov, Calvin de Haan, John Moore - PP : Dmitri Samorukov - PK : Calvin de Haan, John Moore
Penalty Shots
David Pastrnak, Dylan Larkin, William Karlsson, David Krejci, Mikko Koivu

Scratches
COL Cap Hit (Suspend), Isaac Ratcliffe (Healthy)

% Time on Ice - VEGAS

Lines # - Real PCT - Wanted PCT - Time Play
Normal Forward
1 - 28% - 35% - 13:13
2 - 29% - 30% - 13:41
3 - 29% - 25% - 13:22
4 - 14% - 10% - 6:34
Normal Defense
1 - 33% - 35% - 15:21
2 - 31% - 30% - 14:19
3 - 35% - 25% - 16:20
4 - 2% - 10% - 0:50
PP Forward
1 - 59% - 60% - 3:30
2 - 41% - 40% - 2:27
PP Defense
1 - 59% - 60% - 3:30
2 - 41% - 40% - 2:27
PK Forward
1 - 74% - 60% - 5:22
2 - 26% - 40% - 1:51
PK Defense
1 - 52% - 60% - 3:47
2 - 48% - 40% - 3:26
PK3 Forward
1 - 0% - 60%
2 - 0% - 40%
PK3 Defense
1 - 0% - 60%
2 - 0% - 40%
44 Forward
1 - 0% - 60%
2 - 0% - 40%
44 Defense
1 - 0% - 60%
2 - 0% - 40%
Last Minute Offensive  - 0:00
Last Minute Defensive  - 0:00
Total
Forward - 60:00
Defense - 60:00

% Time on Ice - COLORADO

Lines # - Real PCT - Wanted PCT - Time Play
Normal Forward
1 - 30% - 35% - 14:01
2 - 33% - 30% - 15:18
3 - 31% - 25% - 14:43
4 - 6% - 10% - 2:48
Normal Defense
1 - 31% - 35% - 14:28
2 - 28% - 30% - 13:07
3 - 29% - 25% - 13:28
4 - 12% - 10% - 5:47
PP Forward
1 - 63% - 60% - 4:33
2 - 37% - 40% - 2:40
PP Defense
1 - 57% - 60% - 4:05
2 - 43% - 40% - 3:08
PK Forward
1 - 77% - 60% - 4:35
2 - 23% - 40% - 1:22
PK Defense
1 - 48% - 60% - 2:52
2 - 52% - 40% - 3:05
PK3 Forward
1 - 0% - 60%
2 - 0% - 40%
PK3 Defense
1 - 0% - 60%
2 - 0% - 40%
44 Forward
1 - 0% - 60%
2 - 0% - 40%
44 Defense
1 - 0% - 60%
2 - 0% - 40%
Last Minute Offensive  - 0:00
Last Minute Defensive  - 0:00
Total
Forward - 60:00
Defense - 60:00

Play-by-Play

1st period


0:01 of 1st period - Dylan Larkin wins face-off versus Oliver Bjorkstrand in neutral zone.
0:31 of 1st period - Pavel Buchnevich is hit by Brent Seabrook and loses puck.
0:34 of 1st period - Shot by Dan Girardi.
0:34 of 1st period - Stopped by Braden Holtby with a rebound.
0:36 of 1st period - Shot by David Pastrnak.
0:36 of 1st period - Shot Misses the Net.
0:38 of 1st period - Shot by Ron Hainsey.
0:38 of 1st period - Goal by Ron Hainsey - VEGAS : 0 - COLORADO : 1.
0:39 of 1st period - William Karlsson wins face-off versus Kyle Turris in neutral zone.
1:04 of 1st period - Shot by Michael Grabner.
1:04 of 1st period - Shot Blocked by Jonas Brodin.
1:06 of 1st period - Shot by Michael Grabner.
1:06 of 1st period - Stopped by Carey Price without a rebound.
1:07 of 1st period - Alexander Kerfoot wins face-off versus David Krejci in COLORADO zone.
1:26 of 1st period - Shot by David Krejci.
1:26 of 1st period - Shot Misses the Net.
1:28 of 1st period - Shot by Nick Bjugstad.
1:28 of 1st period - Stopped by Braden Holtby without a rebound.
1:29 of 1st period - Mikko Koivu wins face-off versus Victor Rask in VEGAS zone.
1:46 of 1st period - Shot by David Pastrnak.
1:46 of 1st period - Shot Misses the Net.
2:02 of 1st period - Shot by Daniel Sprong.
2:02 of 1st period - Deflect By Victor Rask.
2:02 of 1st period - Stopped by Carey Price without a rebound.
2:03 of 1st period - David Krejci wins face-off versus Kyle Turris in COLORADO zone.
2:34 of 1st period - Shot by Leo Komarov.
2:34 of 1st period - Deflect By David Krejci.
2:34 of 1st period - Shot Misses the Net.
4:00 of 1st period - Icing by Jack Johnson.
4:01 of 1st period - Brock Nelson wins face-off versus Dylan Larkin in VEGAS zone.
4:01 of 1st period - Brent Seabrook is hit by Dylan Larkin.
4:05 of 1st period - Shot by Sam Reinhart.
4:05 of 1st period - Stopped by Carey Price without a rebound.
4:06 of 1st period - Dylan Larkin wins face-off versus Kyle Turris in COLORADO zone.
4:06 of 1st period - Pavel Buchnevich is hit by Josh Anderson and loses puck.
4:28 of 1st period - Off-side.
4:29 of 1st period - Brock Nelson wins face-off versus William Karlsson in neutral zone.
4:40 of 1st period - Shot by Sam Reinhart.
4:40 of 1st period - Goal by Sam Reinhart - VEGAS : 1 - COLORADO : 1.
4:41 of 1st period - Alexander Kerfoot wins face-off versus Dylan Larkin in neutral zone.
4:41 of 1st period - Alexander Kerfoot is hit by Dylan Larkin.
4:57 of 1st period - Devon Toews is hit by Pavel Buchnevich.
5:42 of 1st period - Shot by Sam Reinhart.
5:42 of 1st period - Shot Blocked by Calvin de Haan.
5:44 of 1st period - Shot by Brock Nelson.
5:44 of 1st period - Goal by Brock Nelson - VEGAS : 2 - COLORADO : 1.
5:45 of 1st period - William Karlsson wins face-off versus Kyle Turris in neutral zone.
5:57 of 1st period - Off-side.
5:58 of 1st period - Brock Nelson wins face-off versus David Krejci in neutral zone.
6:09 of 1st period - Nick Bjugstad is hit by Brock Nelson and loses puck.
6:18 of 1st period - Shot by Brock Nelson.
6:18 of 1st period - Shot Misses the Net.
6:20 of 1st period - Shot by Jack Johnson.
6:20 of 1st period - Shot Misses the Net.
6:27 of 1st period - Icing by Jonas Brodin.
6:28 of 1st period - Kyle Turris wins face-off versus David Krejci in COLORADO zone.
6:29 of 1st period - Shot by Michael Grabner.
6:29 of 1st period - Stopped by Carey Price without a rebound.
6:30 of 1st period - Kyle Turris wins face-off versus William Karlsson in COLORADO zone.
6:33 of 1st period - Shot by Josh Anderson.
6:33 of 1st period - Stopped by Carey Price without a rebound.
6:34 of 1st period - Victor Rask wins face-off versus Dylan Larkin in COLORADO zone.
6:52 of 1st period - Dylan Larkin is hit by Nikita Zadorov and loses puck.
7:03 of 1st period - Shot by Dylan Larkin.
7:03 of 1st period - Stopped by Braden Holtby with a rebound.
7:05 of 1st period - Shot by David Pastrnak.
7:05 of 1st period - Shot Blocked by Nick Holden.
7:07 of 1st period - Shot by John Moore.
7:07 of 1st period - Stopped by Braden Holtby without a rebound.
7:08 of 1st period - Oliver Bjorkstrand wins face-off versus William Karlsson in VEGAS zone.
7:08 of 1st period - Oliver Bjorkstrand is hit by Artturi Lehkonen.
8:06 of 1st period - Icing by Jonas Brodin.
8:07 of 1st period - David Krejci wins face-off versus Kyle Turris in COLORADO zone.
8:29 of 1st period - Michael Grabner is hit by Brandon Carlo and loses puck.
9:16 of 1st period - Shot by Alexander Kerfoot.
9:16 of 1st period - Shot Misses the Net.
9:18 of 1st period - Shot by Nick Holden.
9:18 of 1st period - Stopped by Carey Price without a rebound.
9:19 of 1st period - Victor Rask wins face-off versus Dylan Larkin in COLORADO zone.
9:30 of 1st period - Shot by Dylan Larkin.
9:30 of 1st period - Shot Misses the Net.
9:32 of 1st period - Shot by David Pastrnak.
9:32 of 1st period - Shot Misses the Net.
9:34 of 1st period - Shot by Pavel Buchnevich.
9:34 of 1st period - Goal by Pavel Buchnevich - VEGAS : 2 - COLORADO : 2.
9:35 of 1st period - Artturi Lehkonen wins face-off versus Brock Nelson in neutral zone.
10:07 of 1st period - Icing by Artturi Lehkonen.
10:08 of 1st period - Michael Grabner wins face-off versus William Karlsson in COLORADO zone.
10:09 of 1st period - Shot by Kyle Turris.
10:09 of 1st period - Deflect By Josh Anderson.
10:09 of 1st period - Stopped by Carey Price without a rebound.
10:10 of 1st period - Dylan Larkin wins face-off versus Kyle Turris in COLORADO zone.
10:40 of 1st period - Shot by Michael Grabner.
10:40 of 1st period - Shot Misses the Net.
10:42 of 1st period - Shot by Jack Johnson.
10:42 of 1st period - Stopped by Carey Price without a rebound.
10:43 of 1st period - William Karlsson wins face-off versus Alexander Kerfoot in COLORADO zone.
11:00 of 1st period - Shot by Mikko Koivu.
11:00 of 1st period - Shot Misses the Net.
11:02 of 1st period - Shot by William Karlsson.
11:02 of 1st period - Goal by William Karlsson - VEGAS : 2 - COLORADO : 3.
11:03 of 1st period - Leo Komarov wins face-off versus Brock Nelson in neutral zone.
11:18 of 1st period - Shot by Sam Reinhart.
11:18 of 1st period - Shot Blocked by Ron Hainsey.
11:20 of 1st period - Shot by Nick Holden.
11:20 of 1st period - Shot Misses the Net.
11:35 of 1st period - Shot by David Krejci.
11:35 of 1st period - Stopped by Braden Holtby without a rebound.
11:36 of 1st period - Mikko Koivu wins face-off versus Michael Grabner in VEGAS zone.
11:36 of 1st period - Mikko Koivu is hit by Brent Seabrook.
11:38 of 1st period - Shot by David Pastrnak.
11:38 of 1st period - Deflect By Warren Foegele.
11:38 of 1st period - Shot Misses the Net.
12:35 of 1st period - Icing by Gustav Lindstrom.
12:36 of 1st period - Alexander Kerfoot wins face-off versus David Krejci in COLORADO zone.
12:36 of 1st period - Devon Toews is hit by Gustav Lindstrom and loses puck.
12:40 of 1st period - Minor Penalty to Max Comtois for Hooking.
12:41 of 1st period - Brock Nelson wins face-off versus Dylan Larkin in VEGAS zone.
12:56 of 1st period - Shot by Dan Girardi.
12:56 of 1st period - Shot Blocked by Nikita Zadorov.
12:58 of 1st period - Shot by Dan Girardi.
12:58 of 1st period - Shot Misses the Net.
13:54 of 1st period - Shot by Jonas Brodin.
13:54 of 1st period - Shot Misses the Net.
13:56 of 1st period - Shot by Jonas Brodin.
13:56 of 1st period - Goal by Jonas Brodin - VEGAS : 2 - COLORADO : 4.
13:57 of 1st period - David Krejci wins face-off versus Alexander Kerfoot in neutral zone.
14:02 of 1st period - Shot by Leo Komarov.
14:02 of 1st period - Stopped by Braden Holtby without a rebound.
14:03 of 1st period - David Krejci wins face-off versus Alexander Kerfoot in VEGAS zone.
14:04 of 1st period - Shot by Leo Komarov.
14:04 of 1st period - Shot Misses the Net.
14:10 of 1st period - Shot by Alexander Kerfoot.
14:10 of 1st period - Shot Misses the Net.
14:12 of 1st period - Shot by Slater Koekkoek.
14:12 of 1st period - Stopped by Carey Price without a rebound.
14:13 of 1st period - Kyle Turris wins face-off versus William Karlsson in COLORADO zone.
14:13 of 1st period - Kyle Turris is hit by Brandon Carlo.
15:22 of 1st period - Minor Penalty to David Pastrnak for Hooking.
15:23 of 1st period - Nick Bjugstad wins face-off versus Brock Nelson in COLORADO zone.
16:52 of 1st period - Shot by Kyle Turris.
16:52 of 1st period - Deflect By Josh Anderson.
16:52 of 1st period - Shot Misses the Net.
16:54 of 1st period - Shot by Nikita Zadorov.
16:54 of 1st period - Stopped by Carey Price without a rebound.
16:55 of 1st period - Kyle Turris wins face-off versus Nick Bjugstad in COLORADO zone.
17:07 of 1st period - Josh Anderson is hit by Jonas Brodin and loses puck.
17:44 of 1st period - Shot by Alexander Kerfoot.
17:44 of 1st period - Stopped by Carey Price without a rebound.
17:45 of 1st period - Victor Rask wins face-off versus Pavel Buchnevich in COLORADO zone.
19:25 of 1st period - Sam Reinhart is hit by Calvin de Haan and loses puck.
19:27 of 1st period - Minor Penalty to John Moore for Holding.
19:28 of 1st period - Brock Nelson wins face-off versus David Pastrnak in COLORADO zone.
19:39 of 1st period - Shot by Dylan Larkin.
19:39 of 1st period - Shot Misses the Net.
Goals for this period are 2 for VEGAS vs 4 for COLORADO.
Shots for this period are 13 for VEGAS vs 10 for COLORADO.

2nd period


0:01 of 2nd period - David Pastrnak wins face-off versus Oliver Bjorkstrand in neutral zone.
0:22 of 2nd period - Shot by Oliver Bjorkstrand.
0:22 of 2nd period - Shot Misses the Net.
0:24 of 2nd period - Shot by Brock Nelson.
0:24 of 2nd period - Stopped by Carey Price without a rebound.
0:25 of 2nd period - Kyle Turris wins face-off versus David Pastrnak in COLORADO zone.
0:36 of 2nd period - Shot by Kyle Turris.
0:36 of 2nd period - Stopped by Carey Price without a rebound.
0:37 of 2nd period - Brock Nelson wins face-off versus David Pastrnak in COLORADO zone.
1:10 of 2nd period - Shot by Jack Johnson.
1:10 of 2nd period - Stopped by Carey Price without a rebound.
1:11 of 2nd period - Kyle Turris wins face-off versus William Karlsson in COLORADO zone.
1:36 of 2nd period - Shot by William Karlsson.
1:36 of 2nd period - Stopped by Braden Holtby with a rebound.
1:43 of 2nd period - William Karlsson is hit by Slater Koekkoek and loses puck.
2:00 of 2nd period - Shot by Artturi Lehkonen.
2:00 of 2nd period - Stopped by Braden Holtby without a rebound.
2:01 of 2nd period - Brock Nelson wins face-off versus David Krejci in VEGAS zone.
2:36 of 2nd period - Shot by David Krejci.
2:36 of 2nd period - Shot Misses the Net.
3:43 of 2nd period - Icing by Dylan Larkin.
3:44 of 2nd period - Max Comtois wins face-off versus Dylan Larkin in COLORADO zone.
4:09 of 2nd period - Shot by Alexander Kerfoot.
4:09 of 2nd period - Stopped by Carey Price without a rebound.
4:10 of 2nd period - William Karlsson wins face-off versus Brock Nelson in COLORADO zone.
4:17 of 2nd period - Shot by William Karlsson.
4:17 of 2nd period - Shot Blocked by Jack Johnson.
4:28 of 2nd period - Shot by William Karlsson.
4:28 of 2nd period - Shot Misses the Net.
4:41 of 2nd period - Icing by Jonas Brodin.
4:42 of 2nd period - William Karlsson wins face-off versus Kyle Turris in COLORADO zone.
4:57 of 2nd period - Shot by William Karlsson.
4:57 of 2nd period - Stopped by Braden Holtby without a rebound.
4:58 of 2nd period - David Krejci wins face-off versus Alexander Kerfoot in VEGAS zone.
5:04 of 2nd period - Icing by Devon Toews.
5:05 of 2nd period - Troy Terry wins face-off versus David Krejci in VEGAS zone.
5:05 of 2nd period - Troy Terry is hit by Nick Bjugstad.
6:10 of 2nd period - Icing by Devon Toews.
6:11 of 2nd period - Alexander Kerfoot wins face-off versus William Karlsson in VEGAS zone.
6:15 of 2nd period - Icing by Devon Toews.
6:16 of 2nd period - Alexander Kerfoot wins face-off versus William Karlsson in VEGAS zone.
6:18 of 2nd period - Slater Koekkoek is hit by Artturi Lehkonen and loses puck.
6:43 of 2nd period - Ron Hainsey is hit by Max Comtois and loses puck.
7:14 of 2nd period - Shot by Brock Nelson.
7:14 of 2nd period - Stopped by Carey Price without a rebound.
7:15 of 2nd period - Kyle Turris wins face-off versus Dylan Larkin in COLORADO zone.
7:26 of 2nd period - Shot by Nick Holden.
7:26 of 2nd period - Shot Misses the Net.
7:28 of 2nd period - Shot by Josh Anderson.
7:28 of 2nd period - Shot Blocked by Brandon Carlo.
7:30 of 2nd period - Shot by Josh Anderson.
7:30 of 2nd period - Shot Misses the Net.
7:31 of 2nd period - Minor Penalty to Brandon Carlo for Delaying the game.
7:32 of 2nd period - Brock Nelson wins face-off versus David Pastrnak in COLORADO zone.
7:37 of 2nd period - Shot by Brent Seabrook.
7:37 of 2nd period - Shot Hit the Post.
7:39 of 2nd period - Shot by Brock Nelson.
7:39 of 2nd period - Stopped by Carey Price with a rebound.
7:55 of 2nd period - Shot by Oliver Bjorkstrand.
7:55 of 2nd period - Shot Blocked by Calvin de Haan.
7:57 of 2nd period - Shot by Brent Seabrook.
7:57 of 2nd period - Shot Misses the Net.
7:59 of 2nd period - Shot by Oliver Bjorkstrand.
7:59 of 2nd period - Stopped by Carey Price without a rebound.
8:00 of 2nd period - David Krejci wins face-off versus Michael Grabner in COLORADO zone.
8:15 of 2nd period - Shot by William Karlsson.
8:15 of 2nd period - Shot Blocked by Nick Holden.
8:36 of 2nd period - Icing by Nikita Zadorov.
8:37 of 2nd period - Kyle Turris wins face-off versus Dylan Larkin in VEGAS zone.
9:40 of 2nd period - Shot by Mikko Koivu.
9:40 of 2nd period - Shot Misses the Net.
9:42 of 2nd period - Shot by William Karlsson.
9:42 of 2nd period - Shot Misses the Net.
9:44 of 2nd period - Shot by Gustav Lindstrom.
9:44 of 2nd period - Stopped by Braden Holtby without a rebound.
9:45 of 2nd period - Victor Rask wins face-off versus David Krejci in VEGAS zone.
10:19 of 2nd period - Shot by David Krejci.
10:19 of 2nd period - Shot Misses the Net.
10:34 of 2nd period - Minor Penalty to Devon Toews for Tripping.
10:35 of 2nd period - Dylan Larkin wins face-off versus Brock Nelson in VEGAS zone.
11:00 of 2nd period - Shot by Ron Hainsey.
11:00 of 2nd period - Stopped by Braden Holtby without a rebound.
11:01 of 2nd period - William Karlsson wins face-off versus Brock Nelson in VEGAS zone.
11:38 of 2nd period - Shot by Mikko Koivu.
11:38 of 2nd period - Shot Misses the Net.
11:40 of 2nd period - Shot by Brandon Carlo.
11:40 of 2nd period - Shot Blocked by Brent Seabrook.
12:08 of 2nd period - Shot by Pavel Buchnevich.
12:08 of 2nd period - Shot Misses the Net.
13:12 of 2nd period - Shot by David Krejci.
13:12 of 2nd period - Stopped by Braden Holtby without a rebound.
13:13 of 2nd period - William Karlsson wins face-off versus Victor Rask in VEGAS zone.
13:58 of 2nd period - Icing by Victor Rask.
13:59 of 2nd period - Victor Rask wins face-off versus Dylan Larkin in VEGAS zone.
14:58 of 2nd period - Shot by Leo Komarov.
14:58 of 2nd period - Shot Misses the Net.
16:02 of 2nd period - Shot by Josh Anderson.
16:02 of 2nd period - Shot Misses the Net.
16:18 of 2nd period - Shot by William Karlsson.
16:18 of 2nd period - Shot Misses the Net.
16:50 of 2nd period - Shot by Pavel Buchnevich.
16:50 of 2nd period - Stopped by Braden Holtby without a rebound.
16:51 of 2nd period - Alexander Kerfoot wins face-off versus Mikko Koivu in VEGAS zone.
17:36 of 2nd period - Off-side.
17:37 of 2nd period - Brock Nelson wins face-off versus David Krejci in neutral zone.
18:40 of 2nd period - Minor Penalty to Jayce Hawryluk for High sticking.
18:41 of 2nd period - Alexander Kerfoot wins face-off versus William Karlsson in VEGAS zone.
19:38 of 2nd period - Shot by Jonas Brodin.
19:38 of 2nd period - Shot Blocked by Nick Holden.
19:40 of 2nd period - Shot by Jonas Brodin.
19:40 of 2nd period - Shot Misses the Net.
19:42 of 2nd period - Shot by Brandon Carlo.
19:42 of 2nd period - Stopped by Braden Holtby without a rebound.
19:43 of 2nd period - Alexander Kerfoot wins face-off versus Dylan Larkin in VEGAS zone.
Goals for this period are 0 for VEGAS vs 0 for COLORADO.
Shots for this period are 7 for VEGAS vs 8 for COLORADO.

3rd period


0:01 of 3rd period - Dylan Larkin wins face-off versus Brock Nelson in neutral zone.
0:06 of 3rd period - Shot by Dan Girardi.
0:06 of 3rd period - Shot Blocked by Brent Seabrook.
0:08 of 3rd period - Shot by Pavel Buchnevich.
0:08 of 3rd period - Stopped by Braden Holtby with a rebound.
1:58 of 3rd period - Shot by Michael Grabner.
1:58 of 3rd period - Shot Misses the Net.
2:12 of 3rd period - Shot by Sam Reinhart.
2:12 of 3rd period - Stopped by Carey Price without a rebound.
2:13 of 3rd period - Dylan Larkin wins face-off versus Brock Nelson in COLORADO zone.
2:30 of 3rd period - Shot by David Pastrnak.
2:30 of 3rd period - Shot Misses the Net.
2:40 of 3rd period - Shot by Pavel Buchnevich.
2:40 of 3rd period - Stopped by Braden Holtby without a rebound.
2:41 of 3rd period - Alexander Kerfoot wins face-off versus David Krejci in VEGAS zone.
3:59 of 3rd period - Shot by Kyle Turris.
3:59 of 3rd period - Deflect By Michael Grabner.
3:59 of 3rd period - Shot Misses the Net.
4:40 of 3rd period - Shot by William Karlsson.
4:40 of 3rd period - Shot Misses the Net.
4:44 of 3rd period - Shot by William Karlsson.
4:44 of 3rd period - Deflect By Artturi Lehkonen.
4:44 of 3rd period - Stopped by Braden Holtby without a rebound.
4:45 of 3rd period - Victor Rask wins face-off versus William Karlsson in VEGAS zone.
4:45 of 3rd period - Victor Rask is hit by Mikko Koivu.
5:12 of 3rd period - Shot by Victor Rask.
5:12 of 3rd period - Stopped by Carey Price with a rebound.
5:18 of 3rd period - Shot by William Karlsson.
5:18 of 3rd period - Stopped by Braden Holtby with a rebound.
5:20 of 3rd period - Shot by Mikko Koivu.
5:20 of 3rd period - Goal by Mikko Koivu - VEGAS : 2 - COLORADO : 5.
5:21 of 3rd period - David Krejci wins face-off versus Brock Nelson in neutral zone.
5:32 of 3rd period - Shot by Leo Komarov.
5:32 of 3rd period - Shot Misses the Net.
5:34 of 3rd period - Shot by Jonas Brodin.
5:34 of 3rd period - Stopped by Braden Holtby without a rebound.
5:35 of 3rd period - David Pastrnak wins face-off versus Alexander Kerfoot in VEGAS zone.
5:52 of 3rd period - Shot by Max Comtois.
5:52 of 3rd period - Stopped by Carey Price with a rebound.
5:54 of 3rd period - Shot by Max Comtois.
5:54 of 3rd period - Shot Blocked by Dylan Larkin.
6:21 of 3rd period - Icing by Jack Johnson.
6:22 of 3rd period - William Karlsson wins face-off versus Alexander Kerfoot in VEGAS zone.
6:34 of 3rd period - Shot by Mikko Koivu.
6:34 of 3rd period - Stopped by Braden Holtby without a rebound.
6:35 of 3rd period - David Krejci wins face-off versus Brock Nelson in VEGAS zone.
6:44 of 3rd period - Shot by Jonas Brodin.
6:44 of 3rd period - Stopped by Braden Holtby without a rebound.
6:45 of 3rd period - Kyle Turris wins face-off versus William Karlsson in VEGAS zone.
7:12 of 3rd period - Dan Girardi is hit by Nikita Zadorov.
7:21 of 3rd period - Minor Penalty to Nikita Zadorov for Interference.
7:22 of 3rd period - Dylan Larkin wins face-off versus Brock Nelson in VEGAS zone.
7:37 of 3rd period - Shot by Pavel Buchnevich.
7:37 of 3rd period - Shot Misses the Net.
7:49 of 3rd period - Shot by Dylan Larkin.
7:49 of 3rd period - Stopped by Braden Holtby without a rebound.
7:50 of 3rd period - William Karlsson wins face-off versus Brock Nelson in VEGAS zone.
7:53 of 3rd period - Shot by Dan Girardi.
7:53 of 3rd period - Shot Misses the Net.
8:39 of 3rd period - Shot by Pavel Buchnevich.
8:39 of 3rd period - Stopped by Braden Holtby without a rebound.
8:40 of 3rd period - Pavel Buchnevich wins face-off versus Oliver Bjorkstrand in VEGAS zone.
9:12 of 3rd period - Shot by Brandon Carlo.
9:12 of 3rd period - Stopped by Braden Holtby without a rebound.
9:13 of 3rd period - William Karlsson wins face-off versus Oliver Bjorkstrand in VEGAS zone.
9:25 of 3rd period - Shot by David Krejci.
9:25 of 3rd period - Stopped by Braden Holtby without a rebound.
9:26 of 3rd period - Alexander Kerfoot wins face-off versus David Krejci in VEGAS zone.
10:22 of 3rd period - Shot by Kyle Turris.
10:22 of 3rd period - Stopped by Carey Price with a rebound.
10:24 of 3rd period - Shot by Nikita Zadorov.
10:24 of 3rd period - Stopped by Carey Price without a rebound.
10:25 of 3rd period - Brock Nelson wins face-off versus Dylan Larkin in COLORADO zone.
10:42 of 3rd period - Shot by Brock Nelson.
10:42 of 3rd period - Shot Misses the Net.
10:44 of 3rd period - Shot by Nikita Zadorov.
10:44 of 3rd period - Stopped by Carey Price with a rebound.
10:46 of 3rd period - Shot by Sam Reinhart.
10:46 of 3rd period - Stopped by Carey Price with a rebound.
11:10 of 3rd period - Brandon Carlo is hit by Oliver Bjorkstrand and loses puck.
11:43 of 3rd period - Icing by Brandon Carlo.
11:44 of 3rd period - Dylan Larkin wins face-off versus Victor Rask in COLORADO zone.
12:03 of 3rd period - Shot by Daniel Sprong.
12:03 of 3rd period - Stopped by Carey Price with a rebound.
12:05 of 3rd period - Shot by Jack Johnson.
12:05 of 3rd period - Shot Misses the Net.
12:15 of 3rd period - Shot by Victor Rask.
12:15 of 3rd period - Stopped by Carey Price without a rebound.
12:16 of 3rd period - Josh Anderson wins face-off versus David Krejci in COLORADO zone.
12:45 of 3rd period - Shot by David Krejci.
12:45 of 3rd period - Stopped by Braden Holtby with a rebound.
12:47 of 3rd period - Shot by Nick Bjugstad.
12:47 of 3rd period - Stopped by Braden Holtby without a rebound.
12:48 of 3rd period - Brock Nelson wins face-off versus William Karlsson in VEGAS zone.
12:52 of 3rd period - Icing by Nikita Zadorov.
12:53 of 3rd period - Brock Nelson wins face-off versus William Karlsson in VEGAS zone.
13:12 of 3rd period - Shot by Sam Reinhart.
13:12 of 3rd period - Stopped by Carey Price without a rebound.
13:13 of 3rd period - Kyle Turris wins face-off versus David Krejci in COLORADO zone.
13:13 of 3rd period - Kyle Turris is hit by Calvin de Haan.
13:20 of 3rd period - Michael Grabner is hit by Calvin de Haan.
13:28 of 3rd period - Shot by Michael Grabner.
13:28 of 3rd period - Stopped by Carey Price without a rebound.
13:29 of 3rd period - Dylan Larkin wins face-off versus Brock Nelson in COLORADO zone.
13:29 of 3rd period - Dylan Larkin is hit by Sam Reinhart.
13:47 of 3rd period - Icing by Dan Girardi.
13:48 of 3rd period - Kyle Turris wins face-off versus Dylan Larkin in COLORADO zone.
13:48 of 3rd period - Kyle Turris is hit by Dan Girardi.
13:58 of 3rd period - Icing by Brent Seabrook.
13:59 of 3rd period - Kyle Turris wins face-off versus William Karlsson in VEGAS zone.
14:28 of 3rd period - Shot by Artturi Lehkonen.
14:28 of 3rd period - Shot Hit the Post.
14:48 of 3rd period - Icing by Jonas Brodin.
14:49 of 3rd period - Mikko Koivu wins face-off versus Brock Nelson in COLORADO zone.
15:18 of 3rd period - Shot by David Pastrnak.
15:18 of 3rd period - Shot Misses the Net.
15:40 of 3rd period - Dylan Larkin is hit by Brock Nelson.
16:46 of 3rd period - William Karlsson is hit by Slater Koekkoek and loses puck.
17:13 of 3rd period - Icing by Mikko Koivu.
17:14 of 3rd period - Kyle Turris wins face-off versus William Karlsson in COLORADO zone.
17:39 of 3rd period - Shot by Kyle Turris.
17:39 of 3rd period - Shot Misses the Net.
18:24 of 3rd period - Ron Hainsey is hit by Josh Anderson and loses puck.
18:37 of 3rd period - Nick Holden is hit by Nick Bjugstad and loses puck.
18:44 of 3rd period - Dan Girardi is hit by Brock Nelson and loses puck.
18:49 of 3rd period - Shot by Oliver Bjorkstrand.
18:49 of 3rd period - Shot Misses the Net.
19:02 of 3rd period - Shot by Nikita Zadorov.
19:02 of 3rd period - Stopped by Carey Price without a rebound.
19:03 of 3rd period - Victor Rask wins face-off versus Mikko Koivu in COLORADO zone.
19:27 of 3rd period - Icing by Calvin de Haan.
19:28 of 3rd period - Alexander Kerfoot wins face-off versus Mikko Koivu in COLORADO zone.
19:53 of 3rd period - Shot by Troy Terry.
19:53 of 3rd period - Shot Blocked by Calvin de Haan.
Goals for this period are 0 for VEGAS vs 1 for COLORADO.
Shots for this period are 12 for VEGAS vs 14 for COLORADO.